 Dungeon Crawl Stone Soup version 0.26-a0-519-gb2f46efeda (webtiles) character file.

Game seed: 8385080553718184315

122514 KristoblXynda the Blocker (level 16, 0/134 HPs)
             Began as a Red Draconian Fighter on Aug 10, 2020.
             Was the Champion of Cheibriados.
             Slain by a wolf spider (1 damage)
             ... on level 2 of the Spider Nest.
             The game lasted 01:00:30 (27395 turns).

KristoblXynda the Blocker (Red Draconian Fighter)  Turns: 27395, Time: 01:00:31

Health: 0/134      AC: 14    Str: 42    XL:     16   Next: 34%
Magic:  4/23       EV: 12    Int: 36    God:    Cheibriados [******]
Gold:   1814       SH:  0    Dex: 27    Spells: 6/15 levels left

rFire    + + +     SeeInvis +   M - +9 demon blade of the Thing {drain, Str+3}
rCold    . . .     Faith    .   R - +5 kite shield {reflect}
rNeg     . . .     Spirit   .   (armour unavailable)
rPois    +         Reflect  +   e - +2 hat
rElec    .         Harm     .   h - scarf {+Inv}
rCorr    .                      F - +0 pair of gloves of the Skies Above {rF+ rC+ MR+ SInv}
MR       ++...                  r - +1 pair of boots
Stlth    ++........             b - amulet of the acrobat
HPRegen  0.32/turn              Q - ring "Udegy" {Fire rPois Int+6}
MPRegen  0.18/turn              o - +6 ring of strength

@: about to teleport, slightly contaminated, held, very slow
A: breathe fire, unfitting armour, fire resistance 1, cold-blooded, AC +9
a: Breathe Fire, Bend Time, Temporal Distortion, Slouch, Step From Time,
Renounce Religion, Evoke Invisibility


You were on level 2 of the Spider Nest.
You worshipped Cheibriados.
Cheibriados was exalted by your worship.
You visited 5 branches of the dungeon, and saw 26 of its levels.
You also visited: Bailey and Ice Cave.

You collected 3213 gold pieces.
You spent 1399 gold pieces at shops.

Inventory:

Hand Weapons
 M - the +9 demon blade of the Thing (weapon) {drain, Str+3}
   (You found it in an ice cave)

   A truly terrible weapon, it drains the life of those it strikes.
   It affects your strength (+3).
 N - a +8 scimitar of flaming
Missiles
 B - 10 throwing nets (quivered)
Armour
 e - a +2 hat (worn)
 h - a scarf of invisibility (worn)
 r - a +1 pair of boots (worn)
 F - the +0 pair of gloves of the Skies Above (worn) {rF+ rC+ MR+ SInv}
   (You bought it in a shop on level 12 of the Dungeon)

   It protects you from fire.
   It protects you from cold.
   It affects your resistance to hostile enchantments.
   It lets you see invisible.
 R - a +5 kite shield of reflection (worn)
Jewellery
 b - an amulet of the acrobat (around neck)
 l - the amulet of Qeacwebu {Faith rN+}
   (You found it on level 1 of the Spider Nest)

   [amulet of faith]

   It allows you to gain divine favour quickly.
   It protects you from negative energy.
 o - a +6 ring of strength (right hand)
 s - an uncursed ring of positive energy
 Q - the ring "Udegy" (left hand) {Fire rPois Int+6}
   (You found it on level 6 of the Lair of Beasts)

   [ring of fire]

   It enhances your fire magic.
   It affects your intelligence (+6).
   It protects you from fire.
   It makes you vulnerable to cold.
   It protects you from poison.
Wands
 i - a wand of iceblast (32)
 y - a wand of digging (5)
 G - a wand of acid (17)
Scrolls
 a - 4 scrolls of blinking
 d - 2 scrolls of magic mapping
 f - 6 scrolls of amnesia
 m - 7 scrolls of identify
 t - 6 scrolls of teleportation
 w - 2 scrolls of fog
 x - 7 scrolls of remove curse
 A - a scroll of enchant armour
 J - a scroll of holy word
Potions
 c - 4 potions of might
 g - 9 potions of curing
 j - 3 potions of magic
 k - 4 potions of stabbing
 n - 4 potions of heal wounds
 q - 2 potions of lignification
 z - 3 potions of flight
 C - 4 potions of mutation
 E - a potion of ambrosia
 H - 2 potions of resistance
 L - a potion of brilliance
Miscellaneous
 p - a phial of floods
 u - a phantom mirror
 v - a box of beasts (3/3)


   Skills:
 - Level 10.0 Fighting
 + Level 14.2 Long Blades
 - Level 11.3 Dodging
 + Level 14.2 Shields
 - Level 10.0 Necromancy
 + Level 6.9 Transmutations
 - Level 10.2 Invocations
 + Level 7.4 Evocations


You had 6 spell levels left.
You knew the following spells:

 Your Spells              Type           Power        Failure   Level
a - Borgnjor's Vile Clut  Necr/Erth      #####.....   24%         5
b - Petrify               Tmut/Erth      ###.....     17%         4

Your spell library contained the following spells:

 Spells                   Type           Power        Failure   Level
 Beastly Appendage        Tmut           ######       1%          1
 Wereblood                Tmut           ######..     1%          2
 Animate Dead             Necr           ######....   1%          4
 Spider Form              Tmut/Pois      ###.......   4%          3
 Corona                   Hex            #......      7%          1
 Magic Dart               Conj           #...         7%          1
 Summon Small Mammal      Summ           #...         7%          1
 Call Imp                 Summ           #.......     11%         2
 Ensorcelled Hibernation  Hex/Ice        #.....       11%         2
 Searing Ray              Conj           #.....       11%         2
 Blade Hands              Tmut           ######....   11%         5
 Ice Form                 Ice/Tmut       ###.....     17%         4
 Death Channel            Necr           ######....   17%         6
 Confusing Touch          Hex            #.......     21%         3
 Dazzling Flash           Conj/Hex       #.....       21%         3
 Gell's Gravitas          Tloc           #.........   21%         3
 Yara's Violent Unravell  Hex/Tmut       ###.......   43%         5
 Fulminant Prism          Conj/Hex       #.........   56%         4
 Iskenderun's Mystic Bla  Conj/Tloc      #.......     56%         4
 Simulacrum               Ice/Necr       #####.....   80%         6
 Metabolic Englaciation   Hex/Ice        #.........   88%         5
 Invisibility             Hex            #.......     100%        6
 Spellforged Servitor     Conj/Summ      #.........   100%        7


Dungeon Overview and Level Annotations

Branches:
Dungeon (15/15)            Temple (1/1) D:7            Lair (6/6) D:11
  Swamp (0/4) Lair:4       Spider (2/4) Lair:2        Slime (0/5) Lair:5
    Orc (2/2) D:11            Elf (0/3) Orc:2        Vaults (0/5) D:14
 Depths (0/5) D:15         Bailey (visited)           IceCv (visited)

Altars:
Ashenzari
Cheibriados
Dithmenos
Elyvilon
Fedhas
Gozag
Hepliaklqana
Kikubaaqudgha
Makhleb
Nemelex Xobeh
Okawaru
Qazlal
Ru
Sif Muna
Trog
Uskayaw
Vehumet
Wu Jian
Xom
Yredelemnul
Zin
The Shining One
Beogh
Jiyva

Shops:
D:4 *   D:8 *   D:12 [   Orc:2 [[*(=

Annotations:
D:4 Natasha
D:8 1 runed translucent door, astraldaughter's ghost, novice DsFE
D:12 3 runed translucent doors, Semad's ghost, journeyman OpCj
Spider:1 1 runed translucent door, Biagaf's ghost, journeyman DgWn
Spider:2 Frances


Innate Abilities, Weirdness & Mutations

You can breathe blasts of fire.
Your fiery red scales are hard. (AC +9)
You cannot fit into any form of body armour.
Your flesh is heat resistant. (rF+)
You are cold-blooded and may be slowed by cold attacks.


Message History

Frances chants phrases taken from a devil's mouth.
You block the wolf spider's attack. x2
Unknown command.
You barely miss the demonic crawler.
The demonic crawler is almost dead.
Your surroundings seem slightly different.
You are caught in the web!
The jumping spider leaps!
Unknown command.
As you read the scroll of teleportation, it crumbles to dust.
You feel strangely unstable.
The redback bites you but does no damage.
Frances screams a word of power!
The jumping spider leaps!
The redback bites you but does no damage.
Unknown command.
You struggle to detach yourself from the web.
The wolf spider hits you!!
* * * LOW HITPOINT WARNING * * *
The wolf spider bites you.
You die...

*,,,....#* ****,,*
**,,** ***,...s.#* *,**
**#.,,* ***,.##@..#*
****##...,**
*,,,.......## *#.#...,*
*,,,,,#○...§###
*.....#**
****#........s##
*#s...##
*.........s.###......#
*....)...ss...^......#
*#.......#@s.#.......#*
##....###............*
#.###*#............#*
##* ##############


You could see Frances (fast), 2 demonic crawlers, a wolf spider, an orb spider,
a jumping spider and a redback.

Vanquished Creatures
  Rupert (D:14)
  A ghost moth (Spider:1)
  An orc warlord (Orc:2)
  An entropy weaver (Spider:1)
  Azrael (D:12)
  A yaktaur captain (D:15)
  Harold (D:7)
  Erolcha (D:9)
  9 hydras
  3 catoblepae (Lair:6)
  7 centaur warriors
  3 two-headed ogres
  5 death yaks (Lair:6)
  Urug (D:14)
  4 orc high priests (Orc:2)
  Sonja (Orc:2)
  3 unseen horrors
  3 orc knights
  10 orb spiders
  2 ugly things (D:12)
  5 orc sorcerers (Orc:2)
  10 wolf spiders
  3 cyclopes
  4 oklob plants (Lair:6)
  15 elephants
  3 manticores
  Psyche (D:11)
  3 ice statues
  5 black mambas
  16 cane toads
  A gargoyle (D:15)
  A rime drake (Lair:6)
  3 kobold demonologists
  9 komodo dragons
  11 ice devils (IceCv)
  4 demonic crawlers
  4 trolls
  3 meliai (D:15)
  A wolf spider simulacrum (D:11)
  A polar bear (Lair:2)
  2 tyrant leeches (Lair:4)
  2 hornets
  12 hippogriffs
  24 jumping spiders
  15 blink frogs
  A meliai zombie (D:13)
  9 tarantellas
  33 redbacks
  A fire elemental (D:12)
  69 yaks
  6 wyverns
  15 humans (D:14)
  2 wraiths
  Eustachio (D:6)
  3 basilisks
  A steam dragon (Lair:5)
  6 vampire mosquitoes
  Menkaure (D:4)
  A warg (Orc:2)
  A swamp worm (Lair:4)
  11 water moccasins
  12 porcupines
  3 hell hounds (D:12)
  4 sky beasts
  An eye of draining (D:13)
  2 black bears (Lair:2)
  2 necrophages
  6 ice beasts
  13 ogres
  29 orc warriors
  3 phantoms
  A centaur (shapeshifter) (D:14)
  18 centaurs
  27 wolves
  12 crocodiles
  8 gnoll sergeants (Bailey)
  14 bullfrogs
  5 big kobolds
  5 scorpions
  2 wyvern skeletons
  15 wights
  A howler monkey (D:4)
  5 electric eels
  2 bullfrog zombies
  11 hounds
  6 jellies
  2 quasits
  7 centaur zombies
  6 gnoll shamans (Bailey)
  2 centaur skeletons
  29 orc priests
  5 bullfrog skeletons
  Jessica (D:2)
  4 iguanas
  32 orc wizards
  11 worker ants
  Ijyb (D:4)
  Natasha (twice) (D:4)
  2 hound zombies
  A howler monkey zombie (D:7)
  A worker ant zombie (D:6)
  16 gnolls
  A howler monkey skeleton (D:10)
  11 adders
  A river rat (Lair:4)
  2 shadow imps (D:5)
  18 white imps
  14 ufetubi
  An adder skeleton (D:4)
  3 adder zombies
  4 worms
  6 leopard geckos
  89 orcs
  5 bats
  8 giant cockroaches
  10 goblins
  9 hobgoblins
  2 jackals (D:3)
  5 quokkas
  3 ball pythons
  5 frilled lizards
  30 kobolds
  A leopard gecko zombie (D:5)
  5 rats
  3 plants
943 creatures vanquished.

Vanquished Creatures (others)
  A reaper (IceCv)
  An orb spider (Spider:1)
  A wolf spider (Spider:1)
  A jumping spider (Spider:1)
  2 yaks (Lair:6)
  An adder (D:5)
  4 ufetubi (IceCv)
  2 fungi
  3 plants
16 creatures vanquished.

Grand Total: 959 creatures vanquished

Notes
Turn   | Place    | Note
-------+----------+-------------------------------------------
     0 | D:1      | KristoblXynda the Draconian Fighter began the quest for the
                  | Orb.
     0 | D:1      | Reached XP level 1. HP: 19/19 MP: 1/1
   612 | D:1      | Reached XP level 2. HP: 15/26 MP: 2/2
  1309 | D:2      | Found a stormy altar of Qazlal.
  1379 | D:2      | Noticed Jessica
  1418 | D:2      | Killed Jessica
  1418 | D:2      | Reached XP level 3. HP: 23/33 MP: 3/3
  1766 | D:2      | Reached XP level 4. HP: 40/40 MP: 4/4
  2805 | D:3      | Reached XP level 5. HP: 28/46 MP: 5/5
  3251 | D:3      | Noticed an ice beast
  3267 | D:3      | Killed an ice beast
  3402 | D:3      | Found an opulent altar of Gozag.
  3446 | D:3      | Found a shadowy altar of Dithmenos.
  3626 | D:4      | Reached XP level 6. HP: 52/52 MP: 6/6
  3668 | D:4      | Noticed Ijyb
  3670 | D:4      | HP: 2/52 [Ijyb/iceblast (10)]
  3982 | D:4      | Found a bloodstained altar of Trog.
  4002 | D:4      | Found an ornate altar of the Wu Jian Council.
  4011 | D:4      | Reached skill level 5 in Shields
  4011 | D:4      | Your scales start taking on a fiery red colour.
  4011 | D:4      | Reached XP level 7. HP: 34/59 MP: 7/7
  4011 | D:4      | Gained mutation: Your flesh is heat resistant. (rF+) [Red
                  | Draconian growth]
  4323 | D:4      | Killed Ijyb
  4333 | D:4      | Found Afazocw's Assorted Antiques.
  4356 | D:4      | Noticed Natasha
  4366 | D:4      | Killed Natasha
  4404 | D:4      | Noticed a +0 hand axe
  4405 | D:4      | Noticed a +0 hand axe
  4410 | D:4      | Found a hide-covered altar of Uskayaw.
  4424 | D:4      | Found a snail-covered altar of Cheibriados.
  4455 | D:4      | Became a worshipper of Cheibriados the Contemplative
  4566 | D:4      | Noticed Natasha
  4571 | D:4      | Killed Natasha
  4571 | D:4      | Reached skill level 5 in Dodging
  4681 | D:4      | Reached skill level 5 in Long Blades
  5089 | D:4      | Noticed Menkaure
  5090 | D:4      | Killed Menkaure
  5229 | D:5      | Entered Level 5 of the Dungeon
  5310 | D:5      | Found a radiant altar of Vehumet.
  5358 | D:5      | Reached XP level 8. HP: 49/66 MP: 8/8
  5362 | D:5      | Reached * piety under Cheibriados
  5433 | D:5      | Reached skill level 1 in Invocations
  5745 | D:5      | Found a sparkling altar of Nemelex Xobeh.
  6043 | D:6      | Reached ** piety under Cheibriados
  6088 | D:6      | Found a hazy altar of Hepliaklqana.
  6451 | D:6      | Reached XP level 9. HP: 71/71 MP: 11/11
  6727 | D:6      | Noticed Eustachio
  6733 | D:6      | Killed Eustachio
  7139 | D:7      | Found a white marble altar of Elyvilon.
  7316 | D:7      | Reached *** piety under Cheibriados
  7350 | D:7      | Reached skill level 5 in Invocations
  7438 | D:7      | Noticed Harold
  7451 | D:7      | Killed Harold
  7451 | D:7      | Reached XP level 10. HP: 56/78 MP: 14/14
  7788 | D:7      | Found a basalt altar of Yredelemnul.
  7818 | D:7      | Found a staircase to the Ecumenical Temple.
  7828 | Temple   | Entered the Ecumenical Temple
  7995 | D:7      | Found a blossoming altar of Fedhas.
  8254 | D:8      | Found Ymajeiroz's Assorted Antiques.
  8266 | D:8      | Bought a murky blue potion for 19 gold pieces
  8457 | D:8      | Found a runed translucent door.
  8457 | D:8      | Noticed astraldaughter's ghost (novice DsFE)
  8469 | D:8      | Noticed an eight-headed hydra
  8479 | D:8      | Killed an eight-headed hydra
  8631 | D:8      | Reached **** piety under Cheibriados
  8746 | D:4      | Noticed Natasha
  8749 | D:4      | Bought a scroll of identify for 66 gold pieces
  8749 | D:4      | Bought an embroidered cloak for 247 gold pieces
  8749 | D:4      | Bought a potion of curing for 99 gold pieces
  8866 | D:9      | Noticed a centaur warrior
  8878 | D:9      | Killed a centaur warrior
  9092 | D:9      | Noticed Erolcha
  9111 | D:9      | Killed Erolcha
  9301 | D:9      | Reached XP level 11. HP: 77/84 MP: 16/16
  9394 | D:9      | Paralysed by a hornet for 2 turns
  9782 | D:10     | Entered Level 10 of the Dungeon
  9944 | D:10     | Reached ***** piety under Cheibriados
 10141 | D:10     | Got a transparent rapier
 10142 | D:10     | Identified the +3 rapier of the Twisting Queen {holy,
                  | *Noise +Blink Int+3 Dex+8} (You found it on level 10 of the
                  | Dungeon)
 10815 | D:11     | Noticed Psyche
 10822 | D:11     | Killed Psyche
 10957 | D:11     | Reached skill level 10 in Long Blades
 10978 | D:11     | Found a staircase to the Lair.
 11101 | D:11     | Learned a level 5 spell: Borgnjor's Vile Clutch
 11125 | D:11     | Noticed a two-headed ogre
 11129 | D:11     | Killed a two-headed ogre
 11129 | D:11     | Reached skill level 10 in Shields
 11312 | D:11     | Reached ****** piety under Cheibriados
 11455 | D:11     | You fall into a shaft and drop 3 floors!
 11456 | D:14     | Noticed a centaur warrior
 11459 | D:14     | Killed a centaur warrior
 11609 | D:14     | Noticed Rupert
 11609 | D:14     | Noticed an unseen horror
 11609 | D:14     | Noticed Urug
 11609 | D:14     | Noticed a centaur warrior
 11640 | D:14     | Reached XP level 12. HP: 83/91 MP: 19/19
 11730 | D:14     | Found a gate to the Vaults.
 11784 | D:14     | Reached skill level 10 in Invocations
 11796 | D:14     | Killed a centaur warrior
 11813 | D:14     | Killed Urug
 11842 | D:14     | Reached skill level 10 in Dodging
 12062 | D:14     | Killed Rupert
 12456 | D:15     | Entered Level 15 of the Dungeon
 13082 | D:15     | Found a staircase to the Depths.
 13082 | D:15     | Noticed a yaktaur captain
 13086 | D:15     | Noticed a centaur warrior
 13087 | D:15     | Killed a yaktaur captain
 13097 | D:15     | Reached XP level 13. HP: 79/99 MP: 20/20
 13411 | D:15     | Found a shimmering blue altar of Sif Muna.
 13623 | D:13     | Reached skill level 5 in Fighting
 14139 | D:13     | Reached skill level 5 in Necromancy
 14660 | D:12     | Found a flagged portal.
 14671 | Bailey   | Entered a bailey
 14966 | D:12     | Found Plog's Antique Armour Shop.
 14974 | D:12     | Bought a pair of encrusted gloves for 237 gold pieces
 14974 | D:12     | Bought a shiny kite shield for 187 gold pieces
 14974 | D:12     | Bought an embroidered scarf for 200 gold pieces
 14998 | D:12     | Identified the cursed +0 pair of gloves of the Skies Above
                  | {rF+ rC+ MR+ SInv} (You bought it in a shop on level 12 of
                  | the Dungeon)
 15147 | D:12     | Noticed Azrael
 15161 | D:12     | Killed Azrael
 15488 | D:12     | Found a runed translucent gate.
 15488 | D:12     | Found a runed translucent gate.
 15488 | D:12     | Found an iron altar of Okawaru.
 15488 | D:12     | Found a runed translucent gate.
 15488 | D:12     | Noticed a merfolk impaler
 15488 | D:12     | Noticed Semad's ghost (journeyman OpCj)
 15488 | D:12     | Noticed a merfolk impaler
 15488 | D:12     | Identified the +1 leather armour "Eqeoczun" {Str+6}
 15920 | Lair:1   | Entered Level 1 of the Lair of Beasts
 16195 | Lair:1   | Reached XP level 14. HP: 92/114 MP: 21/21
 17673 | Lair:2   | Found a hole to the Spider Nest.
 18826 | Lair:4   | Learned a level 4 spell: Petrify
 19436 | Lair:4   | Found a staircase to the Swamp.
 20466 | Lair:5   | Found a staircase to the Slime Pits.
 20466 | Lair:5   | Found a viscous altar of Jiyva.
 20747 | Lair:6   | Entered Level 6 of the Lair of Beasts
 20812 | Lair:6   | Reached XP level 15. HP: 123/126 MP: 22/22
 20814 | Lair:6   | Reached skill level 10 in Fighting
 20857 | Lair:6   | Found a frozen archway.
 20888 | IceCv    | Entered an ice cave
 21109 | IceCv    | Reached skill level 1 in Evocations
 21191 | IceCv    | Identified Sif Muna's Collected Works on Supportive
                  | Bewitchment
 21198 | IceCv    | Got a steaming demon blade
 21199 | IceCv    | Identified the +9 demon blade of the Thing {drain, Str+3}
                  | (You found it in an ice cave)
 21885 | Lair:6   | Reached skill level 1 in Transmutations
 22302 | Lair:6   | Got a wavering bone ring
 22323 | Lair:6   | Identified the ring "Udegy" {Fire rPois Int+6} (You found
                  | it on level 6 of the Lair of Beasts)
 22893 | D:11     | Found a staircase to the Orcish Mines.
 22903 | Orc:1    | Entered Level 1 of the Orcish Mines
 22903 | Orc:1    | Found a roughly hewn altar of Beogh.
 22917 | Orc:1    | Reached skill level 10 in Necromancy
 23391 | Orc:2    | Entered Level 2 of the Orcish Mines
 23441 | Orc:2    | Found a staircase to the Elven Halls.
 23452 | Orc:2    | Noticed Sonja
 23460 | Orc:2    | Killed Sonja
 23664 | Orc:2    | Noticed an orc warlord
 24028 | Orc:2    | Reached skill level 5 in Evocations
 24273 | Orc:2    | Killed an orc warlord
 24656 | Orc:2    | Found Necham's Armour Boutique.
 24668 | Orc:2    | Bought a +2 hat for 224 gold pieces
 24770 | Orc:2    | Found Iplur's General Store.
 24771 | Orc:2    | Found Xorejaeck's Jewellery Emporium.
 24776 | Orc:2    | Found Wemuo's Antique Armour Shoppe.
 24776 | Orc:2    | Found Mol Puqi's Antique Weapon Shoppe.
 24840 | Orc:2    | Bought a potion of heal wounds for 75 gold pieces
 24840 | Orc:2    | Bought a potion of curing for 45 gold pieces
 25281 | Spider:1 | Entered Level 1 of the Spider Nest
 25296 | Spider:1 | Reached skill level 5 in Transmutations
 25306 | Spider:1 | Found a runed translucent door.
 25306 | Spider:1 | Found a shimmering altar of Xom.
 25306 | Spider:1 | Noticed Biagaf's ghost (journeyman DgWn)
 25371 | Spider:1 | Reached XP level 16. HP: 18/134 MP: 23/23
 26130 | Spider:1 | Got a glittering lead amulet
 27167 | Spider:2 | Identified the amulet of Qeacwebu {Faith rN+} (You found it
                  | on level 1 of the Spider Nest)
 27384 | Spider:2 | HP: 5/134 [wolf spider (19)]
 27389 | Spider:2 | Noticed Frances
 27395 | Spider:2 | HP: 1/134 [wolf spider (20)]
 27395 | Spider:2 | Slain by a wolf spider

Illustrated notes

Levels and vault maps discovered:
D:1:      minmay_arrival_widening_spiral_wide, layout_loops_corners
D:2:      layout_basic, grunt_qazlal_sundering, uniq_jessica
D:3:      layout_loops_corners, grunt_dithmenos_smoke,
          minmay_misc_feat_secret_circle, grunt_gozag_statues
D:4:      minmay_diamond_boxcup, layout_basic, lemuel_round_altar,
          cheibriados_altar_1, dancing_weapons_uskayaw, old_standard_altar,
          serial_glass, glass_columns_c, glass_columns_b, serial_shops, shop,
          uniq_menkaure, uniq_natasha, uniq_ijyb
D:5:      layout_gridville, fiery_altar_vehumet,
          nemelex_xobeh_ov_fountains_minmay, minivault_11
D:6:      layout_basic, nicolae_overflow_crystal_walls,
          chequers_serial_rivers_room_b, uniq_eustachio
D:7:      layout_rooms, kennysheep_mini, kennysheep_little_box,
          minmay_temple_entry_statues_pillars, fedhas_altar_fruit_tree,
          uniq_harold
D:8:      layout_basic, gammafunk_ghost_grave, serial_shops, nicolae_shop_trees,
          kennysheep_small_circle
D:9:      layout_loops_ring, lightli_fourway_metalbox, uniq_erolcha
D:10:     layout_small_grid
D:11:     layout_loops_ring, lair_entry_dummy, david_orc_4, uniq_psyche
D:12:     minmay_statue_hallways, layout_irregular_city, enter_bailey_7,
          gammafunk_ghost_fury_of_okawaru, serial_shops,
          nicolae_shop_statue_plus, minmay_unpleasant_kobolds, uniq_azrael
D:13:     layout_loops_ring
D:14:     layout_stronghold, david_vaults_3, serial_bayou_pond_a
D:15:     grunt_enter_depths_snipers, layout_irregular_city, drop_trap, tgw_sif
Temple:   eino_temple_lava
Lair:1:   layout_cave_shapes, beast_lair_carwin_2
Lair:2:   layout_cave_pods, spider_nest_entry_funnel_web,
          chequers_serial_rivers_micro_c
Lair:3:   layout_chaotic_city, beast_lair_carwin_8
Lair:4:   layout_small_grid, minmay_swamp_entry_worms, pond,
          serial_bayou_shore_a
Lair:5:   layout_cellular_growth, slime_altar_1
Lair:6:   evilmike_catoblepas_cave, layout_loops_ring,
          portal_ice_cave_entry_imps, minmay_lair_oklob_chamber,
          grunt_megastairs_2, lemuel_fruit_fields, serial_bayou_shore_b
Spider:1: layout_spider_delve, ebering_ghost_xom
Spider:2: layout_spider_delve, nicolae_spider_cling_ruins, uniq_frances
Orc:1:    layout_caves, basic_altar
Orc:2:    st_orc_congregation, layout_diamond_mine, serial_shops,
          nicolae_shop_waterfront, nicolae_orc_rich_vein, uniq_sonja,
          uniq_rupert

Skill      XL: |  1  2  3  4  5  6  7  8  9 10 11 12 13 14 15 16 |
---------------+-------------------------------------------------+-----
Dodging        | 3 4 5 7 8 9 10 11 | 11.3
Fighting       | 4 7 9 10 | 10.0
Long Blades    | 3 4 5 7 8 9 10 11 12 13 14 | 14.2
Shields        | 4 5 6 8 9 10 11 12 13 14 | 14.2
Invocations    | 3 6 7 9 10 | 10.2
Necromancy     | 3 6 8 10 | 10.0
Evocations     | 6 7 |  7.4
Transmutations | 5 6 |  6.9

Action                   |  1- 3 |  4- 6 |  7- 9 | 10-12 | 13-15 | 16-18 || total
-------------------------+-------+-------+-------+-------+-------+-------++-------
Melee: Long sword        |   105 |   159 |   384 |   531 |       |       ||  1179
       Tailslap          |     6 |    26 |    91 |   182 |   411 |    51 ||   767
       Rapier            |       |       |       |     4 |       |       ||     4
       Scimitar          |       |       |       |    72 |  1332 |       ||  1404
       Demon blade       |       |       |       |       |    50 |   194 ||   244
 Cast: Petrify           |       |       |       |       |       |    17 ||    17
 Abil: Breathe Fire      |       |       |     9 |    12 |    16 |     4 ||    41
Evoke: Wand              |       |     6 |       |     1 |    15 |       ||    22
       Box of beasts     |       |       |       |       |     1 |       ||     1
  Use: Scroll            |       |     7 |     8 |    20 |    19 |     6 ||    60
       Potion            |       |       |       |     2 |     2 |     1 ||     5
 Stab: Sleeping          |       |       |       |     3 |    11 |       ||    14
       Distracted        |       |       |       |       |     2 |     1 ||     3
       Petrified         |       |       |       |       |     8 |    16 ||    24
Armor: Skin              |    42 |    41 |   118 |   114 |   240 |    28 ||   583
Dodge: Dodged            |    49 |    58 |   205 |   319 |   977 |   172 ||  1780
Block: Kite shield       |    69 |    71 |   231 |   464 |  1388 |   264 ||  2487
       Reflection        |       |       |       |       |     7 |       ||     7
       Rpst.: Long sword |    16 |    30 |    76 |    90 |       |       ||   212
       Scimitar          |       |       |       |     8 |   233 |       ||   241
       Demon blade       |       |       |       |       |    11 |    28 ||    39

Table legend: (Time is in decaauts)
 A = Elapsed time spent in this place.
 B = Non-inter-level travel time spent in this place.
 C = Inter-level travel time spent in this place.
 D = Time resting spent in this place.
 E = Time spent auto-exploring this place.
 F = Levels seen in this place.
 G = Mean time per level.
                   A        B        C        D        E       F      G
               +--------+--------+--------+--------+--------+-----+--------+
         Total |  39321 |  37637 |   1684 |   5729 |  22486 |  28 | 1404.3 |
       Dungeon |  22005 |  20958 |   1047 |   3392 |  12545 |  15 | 1467.0 |
        Temple |    114 |    106 |      8 |      0 |    104 |   1 |  114.0 |
          Lair |  10378 |   9887 |    491 |    781 |   7223 |   6 | 1729.7 |
   Spider Nest |   2796 |   2696 |    100 |    882 |   1081 |   2 | 1398.0 |
  Orcish Mines |   3089 |   3052 |     37 |    556 |   1429 |   2 | 1544.5 |
        Bailey |    348 |    348 |      0 |      0 |    102 |   1 |  348.0 |
      Ice Cave |    587 |    587 |      0 |    118 |      0 |   1 |  587.0 |
               +--------+--------+--------+--------+--------+-----+--------+

Top non-repeatable levels by time:
   Orc:2: 2612 daAuts
Spider:1: 2359 daAuts
  Lair:6: 2168 daAuts
     D:4: 1965 daAuts
    D:11: 1934 daAuts
  Lair:2: 1900 daAuts
  Lair:4: 1838 daAuts
    D:15: 1794 daAuts
    D:12: 1717 daAuts
    D:13: 1647 daAuts
  Lair:5: 1632 daAuts
     D:6: 1620 daAuts
    D:14: 1597 daAuts
    D:10: 1485 daAuts
     D:3: 1428 daAuts
